 Dungeon Crawl Stone Soup version 0.24-a0-346-ge062c78e24 (webtiles) character file.

Game seed: 8080557424856763456

46 Geomchi the Insei (level 3, 0/27 HPs)
             Began as a Human Transmuter on May 22, 2019.
             Slain by a quokka (1 damage)
             ... on level 1 of the Dungeon.
             The game lasted 00:02:38 (2203 turns).

Geomchi the Insei (Human Transmuter)                Turns: 2203, Time: 00:02:39

Health: 0/27       AC:  2    Str: 10    XL:     3   Next: 92%
Magic:  6/6        EV: 12    Int: 14    God:
Gold:   66         SH:  0    Dex: 13    Spells: 5/6 levels left

rFire    . . .     SeeInvis .     - Unarmed
rCold    . . .     Gourm    .   (no shield)
rNeg     . . .     Faith    .   b - +0 robe
rPois    .         Spirit   .   (no helmet)
rElec    .         Reflect  .   (no cloak)
rCorr    .         Harm     .   (no gloves)
MR       .....     Rnd*Tele +   (no boots)
Stlth    +.........             (no amulet)
HPRegen  0.09/turn              k - ring of teleportation (curse)
MPRegen  0.10/turn              (no ring)

@: very slightly contaminated
A: no striking features
a: no special abilities


You were on level 1 of the Dungeon.
You were not hungry.

You visited 1 branch of the dungeon, and saw 2 of its levels.

You collected 66 gold pieces.

Inventory:

Missiles
 a - 55 arrows
Armour
 b - a +0 robe (worn)
Jewellery
 k - a cursed ring of teleportation (left hand)
Potions
 e - a potion of berserk rage {unknown}
 h - a potion of curing {unknown}
 i - 2 potions of brilliance
Comestibles
 d - 2 rations


   Skills:
 + Level 2.1 Fighting
 - Level 2.0 Dodging
 + Level 3.5 Unarmed Combat
 - Level 2.0 Spellcasting
 + Level 2.7 Transmutations


You had 5 spell levels left.
You knew the following spells:

 Your Spells              Type           Power        Failure   Level  Hunger
a - Beastly Appendage     Tmut           #.....       8%          1    ##.....

Your spell library contained the following spells:

 Spells                   Type           Power        Failure   Level  Hunger
 Sticks to Snakes         Tmut           #.......     12%         2    ###....
 Spider Form              Tmut/Pois      #.........   38%         3    ####...
 Ice Form                 Ice/Tmut       #.......     80%         4    #####..
 Blade Hands              Tmut           #.........   91%         5    ######.


Dungeon Overview and Level Annotations

Branches:
Dungeon (2/15)

Altars:
Kikubaaqudgha

Annotations:
D:2 Natasha, Terence


Message History

You hit the giant cockroach. The quokka bites you.
The giant cockroach bites you.
You take 5 damage, and have 10/27 hp.
You barely miss the giant cockroach. The quokka bites you.
* * * LOW HITPOINT WARNING * * *
The giant cockroach barely misses you. The quokka bites you.
* * * LOW HITPOINT WARNING * * *
You take 5 damage, and have 5/27 hp.
You are too injured to fight recklessly!
You are too injured to fight recklessly!
You are too injured to fight recklessly!
You barely miss the giant cockroach. The giant cockroach bites you.
* * * LOW HITPOINT WARNING * * *
The quokka bites you.
* * * LOW HITPOINT WARNING * * *
You take 4 damage, and have 1/27 hp.
You hit the giant cockroach but do no damage.
The giant cockroach bites you but does no damage.
The quokka bites you.
You die...

##########
#........#
#........#
#(.......#
#........##########
#s..............(..
#.@................
#.r......#.########
#........#.#
#........#.#
####.#####.# #..#
#.# ##.#
##.######## #..#
#..........
#..###''########


You could see a quokka and a giant cockroach.

Vanquished Creatures
  3 dart slugs (D:1)
  A leopard gecko (D:1)
  6 bats
  3 giant cockroaches
  5 goblins (D:1)
  3 hobgoblins (D:1)
  4 jackals (D:1)
  4 kobolds (D:1)
  A quokka (D:2)
  3 frilled lizards
  4 rats
37 creatures vanquished.

Notes
Turn   | Place    | Note
-------+----------+-------------------------------------------
     0 | D:1      | Geomchi the Human Transmuter began the quest for the Orb.
     0 | D:1      | Reached XP level 1. HP: 15/15 MP: 3/3
   284 | D:1      | Reached XP level 2. HP: 21/21 MP: 3/5
   643 | D:1      | Reached XP level 3. HP: 24/27 MP: 4/6
  1755 | D:2      | Found an ancient bone altar of Kikubaaqudgha.
  1763 | D:2      | Noticed Natasha
  2186 | D:2      | Noticed Terence
  2202 | D:1      | HP: 1/27 [quokka (2)]
  2203 | D:1      | Slain by a quokka

Levels and vault maps discovered:
D:1:      psy_arrival_whirlpool, layout_basic
D:2:      layout_rooms, nicolae_overflow_hidden_temple,
          overflow_temple_1_default, uniq_natasha, uniq_terence

Skill      XL: |  1  2  3 |
---------------+----------+-----
Fighting       | 2 |  2.1
Dodging        | |  2.0
Unarmed Combat | |  3.5
Spellcasting   | |  2.0
Transmutations | |  2.7

Action                   || total
-------------------------++-------
Melee: Unarmed           ||   156
       Headbutt          ||     9
       Kick              ||    11
 Cast: Beastly Appendage ||    26
  Use: Scroll            ||     4
  Eat: Chunk             ||     5
Armor: Robe              ||    33
Dodge: Dodged            ||   109

Table legend:
 A = Non-vault XP
 B = Vault XP
 C = Vault XP percentage of total XP
 D = Non-vault monster count
 E = Vault monster count
 F = Vault count percentage of total count
                 A         B        C        D         E       F
            +---------+---------+-------+---------+---------+-------
      Total |      66 |       0 |   0.0 |      37 |       0 |   0.0
            +---------+---------+-------+---------+---------+-------
        D:1 |      57 |       0 |   0.0 |      30 |       0 |   0.0
        D:2 |       9 |       0 |   0.0 |       7 |       0 |   0.0
            +---------+---------+-------+---------+---------+-------
